 Dungeon Crawl Stone Soup version 0.20.1-1-g8b1a95d (webtiles) character file.

2128 Lanoc the Poker (level 9, -6/87 HPs)
             Began as a Troll Chaos Knight on Nov 25, 2017.
             Mangled by an eight-headed hydra (14 damage)
             ... on level 7 of the Dungeon.
             The game lasted 00:33:06 (5525 turns).

Lanoc the Poker (Troll Chaos Knight)                Turns: 5525, Time: 00:33:08

Health: -6/87      AC:  6    Str: 27    XL:     9   Next: 8%
Magic:  8/8        EV: 11    Int:  8    God:    Xom [.....*]
Gold:   390        SH:  0    Dex:  9    Spells: 8/8 levels left

rFire    . . .     SeeInvis .   g - +5 morningstar
rCold    . . .     Gourm    +   (no shield)
rNeg     . . .     Faith    .   b - +2 robe
rPois    .         Spirit   .   (helmet restricted)
rElec    .         Reflect  .   (no cloak)
rCorr    +         Harm     .   (gloves unavailable)
MR       +....     Rnd*Rage +   (boots unavailable)
Stlth    +++.......             (no amulet)
Regen    0.7/turn               m - ring "Moop Pel" {rCorr MR+ Stlth+}
MPRegen  0.2/turn               z - ring of resist corrosion

@: no status effects
A: unfitting armour, claws 3, berserk 1, deformed body, fast metabolism 3,
gourmand, regeneration 1, shaggy fur 1, strong 1, tough skin 2
a: Renounce Religion


You were on level 7 of the Dungeon.
You worshipped Xom.
You were Xom's teddy bear.
You were full.

You visited 1 branch of the dungeon, and saw 7 of its levels.

You collected 390 gold pieces.

Inventory:

Hand Weapons
 a - a +1 spear of chaos
 g - a +5 morningstar (weapon)
 v - a +0 giant spiked club
Missiles
 e - 2 tomahawks
 u - 5 javelins (quivered)
Armour
 b - a +2 robe (worn)
Jewellery
 d - an uncursed ring of ice
 m - the ring "Moop Pel" (left claw) {rCorr MR+ Stlth+}
   (Xom gifted it to you on level 4 of the Dungeon)

   [ring of resist corrosion]

   It affects your resistance to hostile enchantments.
   It makes you more stealthy.
 o - an uncursed ring of stealth
 x - an uncursed ring of stealth
 z - a ring of resist corrosion (right claw)
Wands
 y - a wand of lightning (6/15)
Scrolls
 j - 2 scrolls of enchant armour
 k - 4 scrolls of identify
 l - a scroll of fog
 n - 3 scrolls of magic mapping
 p - a scroll of remove curse
 A - a scroll of fear {unknown}
Potions
 h - a potion of might {unknown}
 q - a potion of magic {unknown}
 r - a potion of haste
 s - a potion of degeneration {unknown}
 t - a potion of agility
Comestibles
 c - 7 bread rations
 f - a royal jelly
 i - 4 meat rations
 w - a fruit
 B - 4 chunks of flesh


   Skills:
 + Level 4.8 Fighting
 + Level 2.8 Maces & Flails
 + Level 6.5 Polearms
 + Level 4.4 Dodging
 + Level 3.2 Stealth


You had 8 spell levels left.
You didn't know any spells.

Dungeon Overview and Level Annotations

Branches:
Dungeon (7/15)             Temple (0/1) D:7

Altars:
Ashenzari
Cheibriados
Dithmenos
Elyvilon
Kikubaaqudgha
Vehumet
Xom
Yredelemnul

Shops:
D:4 *   D:7 ?


Innate Abilities, Weirdness & Mutations

You are too large for most types of armour.
You have claws for hands.
Your metabolism is lightning-fast.
You like to eat raw meat.
Your natural rate of healing is unusually fast.
You are covered in fur. (AC +1)
You have very tough skin. (AC +2)
You tend to lose your temper in combat.
Armour fits poorly on your strangely shaped body.
Your muscles are strong. (Str +2)


Message History

The eight-headed hydra closely misses you.
The eight-headed hydra bites you! The eight-headed hydra misses you.
The eight-headed hydra bites you!
* * * LOW HITPOINT WARNING * * *
The eight-headed hydra closely misses you.
The eight-headed hydra bites you.
* * * LOW HITPOINT WARNING * * *
The eight-headed hydra bites you.
* * * LOW HITPOINT WARNING * * *
The eight-headed hydra bites you!
* * * LOW HITPOINT WARNING * * *
The eight-headed hydra bites you!
You die... "Oh, no, you don't!"
Xom revives you! The eight-headed hydra bites you.
* * * LOW HITPOINT WARNING * * *
The eight-headed hydra bites you!
You die...
Xom bursts into laughter!

..........# ##..............#####
.........## #....................
.........# ##...........#########
........## #.............#
........# #.............# #
........# ##.............## #
###....## #.....#######...# ##
#....## #...###.__≈≈##.## #. #
#.....# #####D@.####≈### ##
####....###..≈≈≈##+ ##)# #
..##.....#..##### #.# #### #
.........# #.....#.###..## #
.........## #P..P≈#(#.....##
..........#.....#$≈.P.#(#.(....#
..........#P≈..P#%%..≈#(#......##
..........#$.PP)#;≈≈;≈#≈#.......#
..........#)≈..≈##≈≈≈##(#.......#


You could see an eight-headed hydra.

Vanquished Creatures
  2 centaurs (D:7)
  3 ogres
  4 worker ants
  2 bullfrogs (D:7)
  2 scorpions
  3 wights (D:6)
  A howler monkey (shapeshifter) (D:3)
  5 crimson imps
  2 centaur zombies (D:7)
  5 orc wizards
  An orc priest (D:4)
  A bullfrog skeleton (D:6)
  A bullfrog zombie (D:6)
  2 hounds
  An iguana (D:6)
  4 hound skeletons
  A worker ant zombie (D:5)
  9 adders
  A gnoll (D:7)
  A shadow imp (D:5)
  2 oozes
  An adder skeleton (D:4)
  4 worms
  2 dart slugs
  5 leopard geckos
  24 orcs
  2 giant cockroaches (D:4)
  A goblin (D:3)
  9 hobgoblins
  3 jackals (D:1)
  7 quokkas
  3 ball pythons
  6 bats
  4 frilled lizards
  4 kobolds
  A quokka skeleton (D:4)
  A rat (shapeshifter) (D:5)
  6 rats
136 creatures vanquished.

Vanquished Creatures (collateral kills)
  The ghost of Lanoc the Firebug, an amateur BaFE of Elyvilon (D:4)
  A sky beast (D:5)
  An orc warrior (D:6)
  The ghost of baljet the Chiller, an amateur MfIE (D:3)
  A howler monkey (D:5)
  A bullfrog skeleton (D:4)
  4 orc priests
  An orc wizard (D:6)
  A worm (D:3)
  7 orcs
  A hobgoblin (D:3)
  A withered plant (D:5)
21 creatures vanquished.

Vanquished Creatures (others)
  A bullfrog skeleton (D:5)
  A worm (D:3)
  A hobgoblin (D:3)
3 creatures vanquished.

Grand Total: 160 creatures vanquished

Notes
Turn   | Place    | Note
-------+----------+-------------------------------------------
     0 | D:1      | Lanoc the Troll Chaos Knight began the quest for the Orb.
     0 | D:1      | Reached XP level 1. HP: 22/22 MP: 0/0
   129 | D:1      | XOM: harmless Hex miscast
   133 | D:1      | XOM: medium Chrm miscast
   274 | D:1      | Reached XP level 2. HP: 28/29 MP: 1/1
   625 | D:1      | XOM: polymorph kobold -> rat
   769 | D:1      | XOM: divination: detect creatures
   883 | D:2      | Reached XP level 3. HP: 28/36 MP: 2/2
   893 | D:2      | Reached skill level 3 in Polearms
  1104 | D:2      | XOM: harmless Erth miscast
  1237 | D:2      | Noticed a scorpion
  1237 | D:2      | XOM: polymorph something unseen -> scorpion
  1243 | D:2      | Killed a scorpion
  1243 | D:2      | Reached XP level 4. HP: 22/45 MP: 3/3
  1313 | D:2      | Found a faded altar of an unknown god.
  1388 | D:2      | XOM: harmless Tmut miscast
  1486 | D:3      | Noticed baljet's ghost (amateur MfIE)
  1543 | D:3      | XOM: cast spell 'Summon Mana Viper'
  1546 | D:3      | Killed baljet's ghost
  1546 | D:3      | Reached XP level 5. HP: 29/53 MP: 4/4
  1690 | D:3      | XOM: cloud trail
  1758 | D:3      | Noticed a swamp drake
  1758 | D:3      | a worm changed into a swamp drake
  1763 | D:3      | XOM: harmless Fire miscast
  1775 | D:3      | a swamp drake changed into a howler monkey
  1779 | D:3      | Reached skill level 4 in Polearms
  1872 | D:3      | Reached XP level 6. HP: 56/61 MP: 5/5
  1969 | D:3      | Reached skill level 1 in Stealth
  1974 | D:3      | XOM: harmless Hex miscast
  2052 | D:3      | Found a white marble altar of Elyvilon.
  2461 | D:4      | Noticed Lanoc's ghost (amateur BaFE)
  2477 | D:4      | XOM: enchant monster (good)
  2479 | D:4      | XOM: summons 2 friendly demons
  2494 | D:4      | Killed Lanoc's ghost
  2539 | D:4      | Reached XP level 7. HP: 29/68 MP: 6/6
  2569 | D:4      | Found an ancient bone altar of Kikubaaqudgha.
  2569 | D:4      | Found a snail-covered altar of Cheibriados.
  2569 | D:4      | Found a shadowy altar of Dithmenos.
  2569 | D:4      | Found a shimmering altar of Xom.
  2569 | D:4      | Found a shattered altar of Ashenzari.
  2569 | D:4      | Found a radiant altar of Vehumet.
  2588 | D:4      | XOM: potion effect (might)
  2598 | D:4      | Reached skill level 5 in Polearms
  2697 | D:4      | Found Baipiy's General Store.
  2960 | D:4      | XOM: god gift: glittering pewter ring {god gift}
  2961 | D:4      | Got a glittering pewter ring {god gift}
  2963 | D:4      | Identified the ring "Moop Pel" {rCorr MR+ Stlth+} (Xom gifted it to you on level 4 of the Dungeon)
  2978 | D:5      | Entered Level 5 of the Dungeon
  3187 | D:5      | Found a basalt altar of Yredelemnul.
  3227 | D:5      | Gained mutation: Armour fits poorly on your strangely shaped body. [potion of mutation]
  3227 | D:5      | Gained mutation: You tend to lose your temper in combat. [potion of mutation]
  3227 | D:5      | Gained mutation: Your muscles are strong. (Str +2) [potion of mutation]
  3520 | D:5      | Reached XP level 8. HP: 56/78 MP: 7/7
  3901 | D:6      | XOM: fake destruction
  3903 | D:6      | XOM: summons 2 friendly demons
  3915 | D:6      | Reached skill level 6 in Polearms
  3950 | D:6      | Found a shattered altar of Ashenzari.
  4100 | D:6      | XOM: smoke on damage
  4448 | D:6      | XOM: scenery: 1 doors close
  4765 | D:7      | Found a staircase to the Ecumenical Temple.
  4882 | D:7      | Reached skill level 1 in Maces & Flails
  5101 | D:7      | XOM: cloud trail
  5115 | D:7      | XOM: confuse monster(s)
  5186 | D:7      | Found Puste's Magic Scroll Shoppe.
  5280 | D:7      | Reached XP level 9. HP: 82/85 MP: 8/8
  5317 | D:7      | XOM: fake destruction
  5519 | D:7      | Noticed an eight-headed hydra
  5523 | D:7      | XOM: scenery: create altars
  5525 | D:7      | Xom revived you
  5525 | D:7      | Mangled by an eight-headed hydra

Skill      XL: |  1  2  3  4  5  6  7  8 |
---------------+-------------------------+-----
Dodging        | 2 3 4 |  4.4
Polearms       | 3 4 5 6 |  6.5
Fighting       | 3 4 |  4.8
Stealth        | 1 2 3 |  3.2
Maces & Flails | 2 |  2.8

Action                   |  1- 3 |  4- 6 |  7- 9 || total
-------------------------+-------+-------+-------++-------
Melee: Spear             |   132 |   186 |   250 ||   568
       Morningstar       |       |       |    73 ||    73
       Giant spiked club |       |       |     3 ||     3
  Use: Scroll            |     1 |       |    12 ||    13
       Potion            |       |     4 |     6 ||    10
 Stab: Sleeping          |       |     6 |    17 ||    23
       Paralysed         |       |     1 |     6 ||     7
       Confused          |       |     1 |     2 ||     3
       Invisible         |       |     1 |       ||     1
       Distracted        |       |     1 |       ||     1
       Petrifying        |       |       |     1 ||     1
  Eat: Chunk             |    17 |    11 |    25 ||    53
Armor: Robe              |    54 |    46 |    81 ||   181
       Skin              |       |     4 |       ||     4
Dodge: Dodged            |    72 |    70 |   119 ||   261
